 Dungeon Crawl Stone Soup version 0.13.0-19-g8e0b589 (webtiles) character file.

1612 MackTheKnife the Jinx (level 8, -3/56 HPs)
             Began as a Vampire Arcane Marksman on Oct 24, 2013.
             Was a Follower of Kikubaaqudgha.
             Slain by a crimson imp
             ... wielding the +8,+5 falchion of Kaumn {slice, rElec Str-3}
              (9 damage)
             ... on Level 7 of the Dungeon.
             The game lasted 00:29:20 (7809 turns).

MackTheKnife the Jinx (Vampire Arcane Marksman)     Turns: 7809, Time: 00:29:20

HP  -3/56        AC  0     Str  5      XL: 8   Next: 32%
MP  13/18        EV 26     Int 15      God: Kikubaaqudgha [*.....]
Gold 298         SH  0     Dex 20      Spells:  5 memorised,  6 levels left

Res.Fire  : . . .   See Invis. : +   a - melded +0,+1 whip (elec)
Res.Cold  : + . .   Warding    : .   f - melded +0 leather armour
Life Prot.: + + .   Conserve   : .   (shield currently unavailable)
Res.Poison: +       Res.Corr.  : .   (helmet currently unavailable)
Res.Elec. : .       Clarity    : .   t - melded +2 cloak
Sust.Abil.: . .     Spirit.Shd : .   (gloves currently unavailable)
Res.Mut.  : .       Stasis     : .   B - melded +1 pair of boots
Res.Rott. : +       Flight     : +   (no amulet)
Saprovore : . . .                    E - melded cursed +2 ring of protection
                                     i - melded +3 ring of strength

@: bat-form, regenerating slowly, flying, very quick, somewhat resistant to
hostile enchantments, fairly stealthy
A: bottle blood, (fangs 0), see invisible, (unbreathing)
a: Bottle Blood, End Transformation, Receive Corpses, Renounce Religion


You were on level 7 of the Dungeon.
You worshipped Kikubaaqudgha.
Kikubaaqudgha was aware of your devotion.
You were very thirsty.
You were in vampire bat-form.
You visited 1 branch of the dungeon, and saw 7 of its levels.

You collected 248 gold pieces.

Inventory:

Hand weapons
 a - a +0,+1 whip of electrocution (melded)
 b - a +0,+0 crossbow
 v - a +0 blowgun
Missiles
 c - 5 bolts
 w - 17 poisoned needles
Armour
 f - a +0 leather armour (melded)
 t - a +2 cloak (melded)
 B - a +1 pair of boots (melded)
Scrolls
 j - 5 scrolls of remove curse
 k - 3 scrolls of identify
 p - a scroll of fog
 D - 2 scrolls of blinking
Jewellery
 h - an uncursed ring of invisibility
 i - a +3 ring of strength (melded)
 n - an uncursed ring of magical power
 A - an uncursed ring of wizardry
 E - a cursed +2 ring of protection (melded)
Potions
 e - a potion of brilliance
 l - a potion of porridge {unknown}
 m - a potion of curing
 o - a potion of resistance {unknown}
 r - a potion of paralysis {unknown}
 s - a potion of confusion {unknown}
 x - a potion of invisibility
Books
 d - a book of Debilitation

   Spells                             Type                      Level
   *Corona                            Hexes                        1
   *Slow                              Hexes                        2
   *Inner Flame                       Hexes/Fire                   3
   *Enslavement                       Hexes                        4
   Cause Fear                         Hexes                        4
   Leda's Liquefaction                Hexes/Earth                  4
 y - Kikubaaqudgha's Incunabulum of Unholy Magic
   (Kikubaaqudgha gifted it to you on level 4 of the Dungeon)

   Spells                             Type                      Level
   *Animate Skeleton                  Necromancy                   1
   Lethal Infusion                    Charms/Necromancy            2
   Corpse Rot                         Necromancy                   2
   Vampiric Draining                  Necromancy                   3
   Control Undead                     Necromancy                   4


   Skills:
 - Level 2.4 Fighting
 - Level 1.5 Crossbows
 + Level 6.0 Dodging
 + Level 5.4 Spellcasting
 + Level 8.6 Hexes
 - Level 3.2 Necromancy


You had 6 spell levels left.
You knew the following spells:

 Your Spells              Type           Power        Failure   Level  Hunger
a - Enslavement           Hex            ####....     14%         4    ####...
b - Slow                  Hex            ####....     4%          2    #......
c - Inner Flame           Hex/Fire       ###.....     24%         3    ###....
d - Animate Skeleton      Necr           N/A          14%         1    None
p - Corona                Hex            ####...      3%          1    None


Dungeon Overview and Level Annotations

Branches:
Dungeon (7/27)             Temple (0/1) D:6
    Orc: D:6-11

Altars:
Ashenzari
Fedhas
Kikubaaqudgha
Makhleb
Okawaru
Yredelemnul

Annotations:
D:6 Eustachio


Innate Abilities, Weirdness & Mutations

You heal slowly.
You can bottle blood from corpses.
((You have razor-sharp teeth.))*
You have supernaturally acute eyesight.
((You can survive without breathing.))*


Message History

Press: ? - help, Shift-Dir - straight line, f/p - crimson imp
Aim: a crimson imp, wielding a warped falchion (heavily wounded)
The crimson imp resists.
The crimson imp hits you with a warped falchion!
* * * LOW HITPOINT WARNING * * *
Drink which item? (? for menu, Esc to quit)
You feel better. The crimson imp misses you.
Use which ability? (? or * to list)
You turn into a vampire bat.
Your +0,+1 whip of electrocution melds into your body.
Your +0,+1 whip of electrocution stops crackling.
Your +2 cloak melds into your body.
Your +1 pair of boots melds into your body.
Your +0 leather armour melds into your body.
Your +3 ring of strength melds into your body.
You feel weaker.
Your cursed +2 ring of protection melds into your body.
The crimson imp hits you with a warped falchion!
You die...
Kikubaaqudgha rasps: "You have failed me!
Welcome... oblivion!"

.....# #..# ....# #..#
...# #############..#
#..###.§§...........#
#..#...§§..########.#
####+#..#'#'###.# #.#
#...............# #.#
#.>.............# #.#
#...........5b..# #(#
#...............########.#
.........................#
###.#..#.#(###.##########
#.#..#.#(# #.# .....#.#.#
#.# ###..#.#.. ..#
#..#.#.. ... ...#.#####


You could see a crimson imp.

Vanquished Creatures
  A hippogriff (D:7)
  An orc warrior (D:6)
  2 ogres
  A centaur (D:5)
  2 crimson imps (D:6)
  4 orc priests
  2 orc wizards (D:6)
  A gnoll (D:4)
  4 hounds
  2 jellies (D:7)
  4 worker ants
  2 iguanas
  An ogre zombie (D:6)
  An ogre skeleton (D:3)
  Terence (D:2)
  A green rat (D:6)
  8 adders
  An inept feature mimic (D:6)
  A worm (D:3)
  3 oozes
  9 orcs
  A ball python (D:5)
  11 bats
  7 giant cockroaches
  A giant mite zombie (D:6)
  17 goblins
  10 hobgoblins
  6 quokkas
  5 giant geckos
  6 giant newts
  6 jackals
  14 kobolds
  14 rats
150 creatures vanquished.

Vanquished Creatures (collateral kills)
  A jelly (D:7)
  An orc wizard (D:6)
  3 gnolls (D:4)
  An adder (D:5)
  A worm (D:5)
  A giant eyeball (D:5)
  2 orcs (D:6)
  A hobgoblin (D:5)
  A quokka (D:6)
  A giant newt (D:5)
  A rat (D:6)
14 creatures vanquished.

Vanquished Creatures (others)
  An orc (D:5)
  A goblin skeleton (D:5)
2 creatures vanquished.

Grand Total: 166 creatures vanquished

Notes
Turn   | Place    | Note
--------------------------------------------------------------
     0 | D:1      | MackTheKnife, the Vampire Arcane Marksman, began the quest for the Orb.
     0 | D:1      | Reached XP level 1. HP: 15/15 MP: 2/2
   346 | D:1      | Reached XP level 2. HP: 19/21 MP: 4/4
   865 | D:1      | Reached skill level 5 in Hexes
   985 | D:1      | Learned a level 2 spell: Slow
  1392 | D:3      | Reached XP level 3. HP: 23/26 MP: 3/5
  1610 | D:3      | Learned a level 3 spell: Inner Flame
  1713 | D:2      | Reached XP level 4. HP: 28/32 MP: 7/7
  1909 | D:2      | Noticed Terence
  1960 | D:2      | Killed Terence
  2362 | D:2      | Reached skill level 6 in Hexes
  3275 | D:3      | Found a blossoming altar of Fedhas.
  3396 | D:3      | Reached XP level 5. HP: 37/37 MP: 8/8
  3964 | D:4      | Found an ancient bone altar of Kikubaaqudgha.
  3964 | D:4      | Found a basalt altar of Yredelemnul.
  4072 | D:4      | Found an iron altar of Okawaru.
  4352 | D:4      | Became a worshipper of Kikubaaqudgha
  4455 | D:4      | Reached skill level 7 in Hexes
  4488 | D:4      | Learned a level 4 spell: Enslavement
  4543 | D:4      | Reached XP level 6. HP: 33/43 MP: 11/11
  5068 | D:4      | Acquired Kikubaaqudgha's first power
  5068 | D:4      | Received a gift from Kikubaaqudgha
  5071 | D:4      | Identified Kikubaaqudgha's Incunabulum of Unholy Magic (Kikubaaqudgha gifted it to you on level 4 of the Dungeon)
  5074 | D:4      | Learned a level 1 spell: Animate Skeleton
  5242 | D:5      | Entered Level 5 of the Dungeon
  5260 | D:5      | Found a burning altar of Makhleb.
  5823 | D:5      | Reached skill level 1 in Fighting
  5823 | D:5      | Reached XP level 7. HP: 48/48 MP: 15/15
  5854 | D:5      | Reached skill level 1 in Necromancy
  6151 | D:6      | Reached skill level 5 in Dodging
  6180 | D:6      | Found Ghosm's Magical Wand Boutique.
  6187 | D:6      | Ghosm's Magical Wand Boutique was a mimic.
  6302 | D:6      | Noticed Eustachio
  6651 | D:6      | Found a shattered altar of Ashenzari.
  6724 | D:6      | Found a staircase to the Ecumenical Temple.
  7324 | D:6      | Reached skill level 5 in Spellcasting
  7353 | D:7      | Reached XP level 8. HP: 47/56 MP: 2/18
  7373 | D:7      | Reached skill level 8 in Hexes
  7807 | D:7      | HP: 1/56 [crimson imp/warped falchion (4)]
  7809 | D:7      | Identified the +8,+5 falchion of Kaumn {slice, rElec Str-3}
  7809 | D:7      | Slain by a crimson imp

Action                   |  1- 3 |  4- 6 |  7- 9 || total
-------------------------+-------+-------+-------++-------
Melee: Whip              |   103 |     8 |   116 ||   227
       Unarmed           |     6 |       |       ||     6
       Trident           |       |   281 |    18 ||   299
 Fire: Crossbow          |    33 |    26 |    11 ||    70
       Blowgun           |       |       |     6 ||     6
 Cast: Corona            |     1 |       |       ||     1
       Slow              |     5 |    15 |    21 ||    41
       Enslavement       |       |    10 |    22 ||    32
       Inner Flame       |       |     3 |     7 ||    10
       Animate Skeleton  |       |     3 |       ||     3
 Abil: Bat Form          |       |       |     2 ||     2
       End Transformatio |       |       |     1 ||     1
  Use: Scroll            |     4 |     4 |    10 ||    18
       Potion            |       |     1 |     1 ||     2
 Stab: Distracted        |       |     4 |       ||     4
       Sleeping          |       |     1 |       ||     1
       Betrayed ally     |       |     1 |       ||     1
